 Dungeon Crawl Stone Soup version 0.24.0-123-gd5b16e6ec5 (webtiles) character file.

Game seed: 15387205533426780259, levelgen mode: deterministic

28 Musteatbrain the Skirmisher (level 3, 29/29 HPs)
             Began as a Demonspawn Fighter on Dec 16, 2019.
             Got out of the dungeon alive.
             The game lasted 00:01:24 (884 turns).

Musteatbrain the Skirmisher (Demonspawn Fighter)     Turns: 884, Time: 00:01:24

Health: 29/29      AC:  6    Str: 16    XL:     3   Next: 0%
Magic:  3/3        EV:  7    Int:  9    God:
Gold:   52         SH:  8    Dex: 13    Spells: 2/2 levels left

rFire    . . .     SeeInvis .   a - +0 war axe
rCold    . . .     Gourm    .   c - +0 shield
rNeg     . . .     Faith    .   b - +0 scale mail
rPois    .         Spirit   .   (helmet restricted)
rElec    .         Reflect  .   (no cloak)
rCorr    .         Harm     .   (no gloves)
MR       .....                  (no boots)
Stlth    +.........             (no amulet)
HPRegen  0.09/turn              (no ring)
MPRegen  0.08/turn              (no ring)

@: no status effects
A: horns 1, nightstalker 1
a: no special abilities


You escaped.
You were not hungry.

You visited 1 branch of the dungeon, and saw 1 of its levels.

You collected 52 gold pieces.

Inventory:

Hand Weapons
 a - a +0 war axe (weapon)
 h - a +2 mace of holy wrath
Armour
 b - a +0 scale mail (worn)
 c - a +0 shield (worn)
Jewellery
 e - an uncursed ring of positive energy {unknown}
Scrolls
 g - 2 scrolls of teleportation {unknown}
 i - 5 scrolls of identify {unknown}
 j - 3 scrolls of remove curse {unknown}
 k - a scroll of enchant weapon {unknown}
 n - a scroll of enchant armour {unknown}
 o - a scroll of noise {unknown}
Potions
 d - a potion of might
 l - a potion of lignification {unknown}
 m - a potion of invisibility {unknown}
Comestibles
 f - 4 rations


   Skills:
 * Level 3.4 Fighting
 * Level 2.3 Axes
 + Level 2.8 Armour
 + Level 0.6 Dodging
 - Level 2.7 Shields


You had 2 spell levels left.
You didn't know any spells.
Your spell library was empty.

Dungeon Overview and Level Annotations

Branches:
Dungeon (1/15)

Altars:


Innate Abilities, Weirdness & Mutations

You have a pair of small horns on your head.
You are slightly more attuned to the shadows.


Message History

No target in view!
Done exploring.
Done exploring.
Done exploring.
Done exploring.
Done exploring.
Done exploring.
No target in view!
(D) Dungeon
Where to? (? - help)
Okay, then.
There is an open door here.
There is an open door here.
There is an open door here.
There is a staircase leading out of the dungeon here.
You can't go down here!
Are you sure you want to leave the Dungeon?
This will make you lose the game!
Uppercase [Y]es or [N]o only, please.
Are you sure you want to leave the Dungeon?
This will make you lose the game!
You have escaped!

≈PP≈≈P♣P≈≈PP≈#..#.........#
≈♣.≈≈PPP≈≈♣.≈#[.####.#....#######
≈♣P≈≈PPP≈≈♣P≈#..# #.#..........#
≈♣P≈≈♣♣♣≈≈.P≈#..# #.#.#..#######
≈P♣≈≈P.P≈≈.P≈#..# #.#.#..#
≈.♣≈≈≈≈≈≈≈♣P≈##### #.#.#..#
≈P♣≈.....≈.P≈#...# #.#.#..#
≈≈≈≈.###.≈≈≈≈#...# #.#.#..#####
.....#§#.....'..@# #.#.#......#
≈≈≈≈.###.≈≈≈≈#...# #.#.######.#
≈♣♣≈.....≈PP≈#...# #.#.# #.#
≈P.≈≈≈≈≈≈≈.P≈##### #.#.# #.#
≈P.≈≈♣♣♣≈≈♣♣≈# #.#.# #.#
≈♣♣≈≈PP♣≈≈♣.≈# #.#.# #.#
≈PP≈≈♣♣.≈≈♣♣≈# #.#.# #.#
≈P♣≈≈P♣P≈≈♣♣≈# #.#.# #.#
≈♣P≈≈PP.≈≈P.≈# #.#.# #.#


There were no monsters in sight!

Vanquished Creatures
  An ooze (D:1)
  A dart slug (D:1)
  4 bats (D:1)
  2 giant cockroaches (D:1)
  A hobgoblin (D:1)
  4 jackals (D:1)
  3 kobolds (D:1)
  2 ball pythons (D:1)
  3 rats (D:1)
21 creatures vanquished.

Notes
Turn   | Place    | Note
-------+----------+-------------------------------------------
     0 | D:1      | Musteatbrain the Demonspawn Fighter began the quest for the
                  | Orb.
     0 | D:1      | Reached XP level 1. HP: 18/18 MP: 1/1
   168 | D:1      | Gained mutation: You have a pair of small horns on your
                  | head. [demonic ancestry]
   168 | D:1      | Reached XP level 2. HP: 22/24 MP: 2/2
   751 | D:1      | Gained mutation: You are slightly more attuned to the
                  | shadows. [demonic ancestry]
   751 | D:1      | Reached XP level 3. HP: 29/29 MP: 3/3
   884 | D:$      | Got out of the dungeon alive.

Levels and vault maps discovered:
D:1:      lightli_arrival_farm, layout_basic

Skill      XL: |  1 |
---------------+----+-----
Axes           | 2 |  2.3
Fighting       | |  3.4
Armour         | |  2.8
Dodging        | |  0.6
Shields        | |  2.7

Action                   || total
-------------------------++-------
Melee: War axe           ||    48
       Headbutt          ||     7
Armor: Scale mail        ||    39
Dodge: Dodged            ||    19
Block: Shield            ||    25
